 Dungeon Crawl Stone Soup version 0.31-a0-1002-g8e65716e6e (webtiles) character file.

Game seed: 1836020470187892801

907 BinkBink the Ducker (level 8, -1/48 HPs)
             Began as a Tengu Fighter on Nov 9, 2023.
             Was an Initiate of Dithmenos.
             Slain by a killer bee (5 damage)
             ... on level 5 of the Dungeon.
             The game lasted 00:05:48 (3953 turns).

BinkBink the Ducker (Tengu Fighter)                 Turns: 3953, Time: 00:05:50

Health: -1/48      AC: 17    Str: 14 (17) XL:     8   Next: 8%
Magic:  9/9        EV: 12    Int:  6 (8)  God:    Dithmenos [......]
Gold:   229        SH:  5    Dex: 15 (16) Spells: 7/7 levels left

rFire   + . .        a - +0 long sword
rCold   + . .        c - +0 buckler
rNeg    + . .        w - +1 chain mail {Will+}
rPois   +            (helmet restricted)
rElec   +            (no cloak)
rCorr   +            v - +1 pair of gloves
SInv    .            (boots unavailable)
Will    +....        i - amulet of regeneration Stlth
                     j - ring of positive energy
HPRegen 1.08/turn    (no ring)
MPRegen 0.11/turn

%: acrobat
@: resistant, flying, hasted, very quick
A: beak, talons 3, evasive flight, acrobatic, iridescent scales 2
a: Renounce Religion


You were on level 5 of the Dungeon.
You worshipped Dithmenos.
Dithmenos was noncommittal.
You visited 1 branch of the dungeon, and saw 5 of its levels.

You collected 229 gold pieces.

Inventory:

Hand Weapons
 a - a +0 long sword (weapon)
Armour
 c - a +0 buckler (worn)
 v - a +1 pair of gloves (worn)
 w - a +1 chain mail of willpower (worn)
Jewellery
 b - a ring of fire
 i - an amulet of regeneration (around neck)
 j - a ring of positive energy (left hand)
 o - an amulet of faith
Wands
 u - a wand of mindburst (17)
Scrolls
 e - a scroll of revelation {unknown}
 f - 3 scrolls of identify {unknown}
 g - 3 scrolls of poison {unknown}
 h - a scroll of amnesia {unknown}
 k - 2 scrolls of noise {unknown}
 l - a scroll of brand weapon {unknown}
 n - 2 scrolls of teleportation {unknown}
 p - a scroll of enchant armour {unknown}
 q - a scroll of fog {unknown}
 r - a scroll of fear {unknown}
 y - a scroll of immolation {unknown}
Potions
 d - a potion of might
 m - a potion of haste


   Skills:
 + Level 4.7 Fighting
 + Level 4.4 Long Blades
 + Level 5.1 Armour
 * Level 5.5 Dodging
 + Level 4.5 Shields


You had 7 spell levels left.
You didn't know any spells.
Your spell library contained the following spells:

 Spells                   Type           Power      Damage    Failure   Level
 Summon Small Mammal      Summ           0%         N/A       100%        1
 Ensorcelled Hibernation  Hex/Ice        0%         N/A       100%        2
 Passwall                 Tmut/Erth      0%         N/A       100%        2
 Call Canine Familiar     Summ           0%         N/A       100%        3
 Summon Guardian Golem    Hex/Summ       0%         N/A       100%        3
 Swiftness                Air            0%         N/A       100%        3


Dungeon Overview and Level Annotations

Branches:
Dungeon (5/15)
 Temple: D:4-7

Altars:
Cheibriados
Dithmenos
Gozag
Qazlal

Shops:
D:3 =([?   D:4 (

Annotations:
D:3 1 runed translucent door, haldagan's ghost, weakling DgSh


Innate Abilities, Weirdness & Mutations

You have a beak for a mouth.
You have claws for feet.
Your magical flight helps you evade attacks. (EV +4)
You can magically evade attacks while moving or waiting.
You are mostly covered in iridescent scales. (AC +4)


Message History

It was a potion of resistance.
You feel protected.
You feel sick. The killer bee misses you.
You closely miss the killer bee. Your kick misses the killer bee.
The killer bee is lightly wounded.
You feel sick. The killer bee barely misses you. x2
You barely miss the killer bee. You claw the killer bee.
The killer bee is moderately wounded.
You feel sick.
The killer bee stings you but does no damage.
You completely miss the killer bee.
The killer bee is moderately wounded.
You feel sick.
The killer bee stings you but does no damage. x2
You closely miss the killer bee. Your peck misses the killer bee.
The killer bee is moderately wounded.
You feel sick. The killer bee closely misses you.
You hit the killer bee but do no damage.
Your kick misses the killer bee.
The killer bee is moderately wounded.
You feel sick. You block the killer bee's attack.
The killer bee barely misses you.
You miss the killer bee. Your kick misses the killer bee.
Your peck misses the killer bee.
The killer bee is moderately wounded.
You feel sick. You block the killer bee's attack.
The killer bee stings you but does no damage.
You closely miss the killer bee. Your kick misses the killer bee.
The killer bee is moderately wounded.
You feel sick. The killer bee barely misses you.
You slash the killer bee! Your kick misses the killer bee.
The killer bee is severely wounded.
The killer bee stings you but does no damage.
You block the killer bee's attack.
You closely miss the killer bee.
The killer bee is severely wounded.
You feel sick.
You are no longer poisoned.
The killer bee stings you.
You die...

..y#.#
.....
.y... ## #
#... ...
#.##..#
..## ....
.....
#.####...#
#<.y@....#
#.####...#
#.# ..#
### .# #


You could see a killer bee.

Vanquished Creatures
  Grinder (D:4)
  Edmund (D:4)
  Pargi (D:4)
  2 scorpions (D:4)
  A killer bee (D:5)
  An orc priest (D:4)
  Jessica (D:2)
  An iguana (D:4)
  4 orc wizards (D:4)
  8 adders
  A white imp (D:4)
  A worm (D:2)
  2 dart slugs
  5 orcs
  5 ball pythons
  5 bats
  8 endoplasms
  2 giant cockroaches
  9 goblins
  11 hobgoblins
  2 jackals (D:2)
  7 kobolds
  6 quokkas
  3 frilled lizards
  10 rats
98 creatures vanquished.

Notes
Turn   | Place    | Note
-------+----------+-------------------------------------------
     0 | D:1      | BinkBink the Tengu Fighter began the quest for the Orb.
     0 | D:1      | Reached XP level 1. HP: 14/14 MP: 2/2
   414 | D:1      | Reached XP level 2. HP: 19/19 MP: 3/3
   466 | D:1      | Reached skill level 1 in Dodging
   661 | D:1      | Found a faded altar of an unknown god.
   873 | D:2      | Reached XP level 3. HP: 23/23 MP: 4/4
  1013 | D:2      | Reached XP level 4. HP: 28/28 MP: 5/5
  1345 | D:2      | Noticed Jessica
  1347 | D:2      | Killed Jessica
  1713 | D:2      | Reached XP level 5. HP: 31/32 MP: 6/6
  1766 | D:3      | Found Worodo Monk's Antique Weapon Boutique.
  1842 | D:3      | Found Xizipp's Armour Shop.
  1961 | D:3      | Found a runed translucent door.
  1973 | D:3      | Noticed haldagan's ghost (weakling DgSh)
  2006 | D:3      | Found Molaen's Jewellery Shoppe.
  2123 | D:3      | Found Reynyin's Magic Scroll Emporium.
  2550 | D:4      | Noticed Edmund
  2561 | D:4      | Killed Edmund
  2562 | D:4      | Reached XP level 6. HP: 7/38 MP: 7/7
  2909 | D:4      | Gained mutation: Your magical flight helps you evade
                  | attacks. (EV +4) [Tengu growth]
  2909 | D:4      | Reached XP level 7. HP: 29/43 MP: 8/8
  2991 | D:4      | Found an opulent altar of Gozag.
  2991 | D:4      | Found a stormy altar of Qazlal.
  2991 | D:4      | Found a shadowy altar of Dithmenos.
  3015 | D:4      | Became a worshipper of Dithmenos the Shadowed
  3116 | D:4      | Noticed Grinder
  3127 | D:4      | Killed Grinder
  3128 | D:4      | Reached skill level 5 in Dodging
  3143 | D:4      | Found a snail-covered altar of Cheibriados.
  3293 | D:4      | Reached skill level 5 in Armour
  3326 | D:4      | Noticed Pargi
  3770 | D:4      | Killed Pargi
  3771 | D:4      | Reached XP level 8. HP: 48/48 MP: 9/9
  3777 | D:4      | Found Vufopp's Weapon Boutique.
  3924 | D:5      | Entered Level 5 of the Dungeon
  3943 | D:5      | Gained mutation: You are partially covered in iridescent
                  | scales. (AC +2) [potion of mutation]
  3943 | D:5      | Gained mutation: You are mostly covered in iridescent
                  | scales. (AC +4) [potion of mutation]
  3953 | D:5      | Slain by a killer bee

Illustrated notes

Levels and vault maps discovered:
D:1:      matt_arrival_spirals, layout_basic,
          dreamdust_ecumenical_altar_sealed_demon
D:2:      cheibrodos_greedy_goblins, layout_basic, uniq_jessica
D:3:      layout_loops_ring, serial_shops, nicolae_shop_rolling_square, shop,
          shop, nicolae_shop_crystal, ebering_ghost_sewer_d
D:4:      layout_basic, lemuel_tele_altar, gammafunk_temple_overflow_claw,
          serial_shops, kennysheep_mini, kennysheep_generic_room_13, uniq_pargi,
          uniq_edmund, uniq_grinder
D:5:      layout_basic, gup_sewer_entry_bowl, st_stairs_14

Skill      XL: |  1  2  3  4  5  6  7 |
---------------+----------------------+-----
Dodging        | 1 2 3 4 5 |  5.5
Armour         | 4 5 |  5.1
Long Blades    | 3 4 |  4.4
Fighting       | 4 |  4.7
Shields        | 4 |  4.5

Action                     |  1- 3 |  4- 6 |  7- 9 || total
---------------------------+-------+-------+-------++-------
  Melee: Long sword        |    58 |   161 |    91 ||   310
         Kick              |    12 |    46 |    18 ||    76
         Peck              |     9 |    19 |    14 ||    42
    Use: Potion            |       |       |     4 ||     4
 Armour: Scale mail        |    31 |   112 |    68 ||   211
         Chain mail        |       |       |    30 ||    30
  Dodge: Dodged            |    34 |    86 |    83 ||   203
  Block: Buckler           |     7 |    42 |    23 ||    72

Table legend: (Time is in decaauts)
 A = Elapsed time spent in this place.
 B = Non-inter-level travel time spent in this place.
 C = Inter-level travel time spent in this place.
 D = Time resting spent in this place.
 E = Time spent auto-exploring this place.
 F = Levels seen in this place.
 G = Mean time per level.
                   A        B        C        D        E       F      G
               +--------+--------+--------+--------+--------+-----+--------+
         Total |   4037 |   3855 |    182 |    174 |   2896 |   5 |  807.4 |
       Dungeon |   4037 |   3855 |    182 |    174 |   2896 |   5 |  807.4 |
               +--------+--------+--------+--------+--------+-----+--------+

Top non-repeatable levels by time:
     D:4: 1533 daAuts
     D:2: 890 daAuts
     D:1: 877 daAuts
     D:3: 707 daAuts
     D:5: 28 daAuts
